Thunder vs Carnivores
Created - 24 janvier 2015 at 19:19
Goals
|
Thunder |
2 |
1 |
1 |
0 |
0 |
4 |
Carnivores |
1 |
3 |
0 |
0 |
1 |
5 |
|
Shots
|
Thunder |
17 |
9 |
13 |
2 |
3 |
41 |
Carnivores |
13 |
14 |
6 |
0 |
2 |
33 |
|
1st period
1. Thunder , Derek Peltier 3 (Ray Macias, Jannik Hansen) at 11:03 (PP)
2. Thunder , Jeff Finger 4 (Doug Janik) at 16:17
3. Carnivores , Tim Conboy 31 (Oliver Ekman-Larsson) at 17:51
Penalties :
Chris Lawrence (Bre) for Roughing (Double Minor) at 7:09, Chris Lawrence (Bre) for Interference (Minor) at 18:14
2nd period
4. Thunder , Scott Parse 20 (Samuel Pahlsson, Jeff Finger) at 0:12 (PP)
5. Carnivores , Matt Cullen 31 (Jeremy Welsh) at 14:26
6. Carnivores , Matt Cullen 32 (Chris Lawrence, Oliver Ekman-Larsson) at 15:02 (PP)
7. Carnivores , Evgeny Grachev 17 (Tim Conboy, Chris Butler) at 19:28
Penalties :
Pierre-Alexandre Parenteau (TRO) for Roughing (Minor) at 0:26, Colton Orr (Bre) for Tripping (Minor) at 3:49, Oliver Ekman-Larsson (Bre) for Tripping (Minor) at 7:18, Chris Lawrence (Bre) for Hooking (Minor) at 12:00, Matt D'Agostini (TRO) for Slashing (Minor) at 14:48
3rd period
8. Thunder , Pierre-Alexandre Parenteau 18 (Samuel Pahlsson, Scott Parse) at 17:30
Penalties :
Lane MacDermid (Bre) for Hooking (Minor) at 3:44, Doug Janik (TRO) for Hooking (Minor) at 6:42, Brandon Mashinter (TRO) for Tripping (Minor) at 12:44
Overtime #1
No Goal
Penalties :
No Penalty
Shootout
Penalty Shot by Samuel Pahlsson for Thunder - Shot Misses the Net
Penalty Shot by Matt Cullen for Carnivores - Shot Hit the Post
Penalty Shot by Scott Parse for Thunder - Shot Misses the Net
Penalty Shot by Blake Geoffrion for Carnivores - Goal!
Penalty Shot by Dany Roussin for Thunder - Stopped by Steve Mason
Penalties :
No Penalty
Goalie Stats
Devan Dubnyk (TRO), 29 saves from 33 shots - (0,879), OTL, 4-8-1, 65:00 minutes
Steve Mason (Bre), 37 saves from 41 shots - (0,902), W, 9-5-1, 65:00 minutes
Players Stats for Thunder
Player Name G A P +/- PIM S H SB GA TA FO MP PP MP PK MP
------------------------------------------------------------------------------------
Brandon Mashinter 0 0 0 1 2 4 1 0 0 0 3/8 12:37 0:00 1:17
Brett Festerling 0 0 0 0 0 0 1 0 0 0 0/0 4:56 0:37 0:18
Casey Pierro-Zabotel 0 0 0 1 0 0 1 0 0 0 0/0 12:17 0:39 0:39
Colby Cohen 0 0 0 0 0 0 0 0 0 0 0/0 0:00 0:00 0:00
Dany Roussin 0 0 0 -1 0 1 3 0 1 0 0/0 21:03 6:03 2:20
Daultan Leveillé 0 0 0 -1 0 1 0 0 0 0 2/2 5:10 0:39 0:00
David Fischer 0 0 0 0 0 0 0 0 0 0 0/0 3:27 0:00 0:00
Derek Peltier 1 0 1 -1 0 3 0 1 0 3 0/0 23:27 6:00 2:27
Doug Janik 0 1 1 0 2 4 1 0 1 1 0/0 28:48 7:48 2:32
Jannik Hansen 0 1 1 -1 0 1 0 0 0 1 1/1 7:50 1:16 0:00
Jeff Finger 1 1 2 0 0 4 4 2 0 0 0/0 30:01 7:48 3:44
Jesse Blacker 0 0 0 0 0 0 0 0 0 0 0/0 0:00 0:00 0:00
Joey Ryan 0 0 0 0 0 0 0 2 0 0 0/0 8:05 0:00 0:00
Kelly Zajac 0 0 0 0 0 0 0 0 0 0 0/0 0:00 0:00 0:00
Kevin Montgomery 0 0 0 0 0 0 0 0 0 0 0/0 0:00 0:00 0:00
Mat Clark 0 0 0 0 0 0 0 0 0 0 0/0 0:00 0:00 0:00
Matt D'Agostini 0 0 0 0 2 2 0 1 1 0 1/1 17:23 6:03 0:00
Pierre-Alexandre Parente 1 0 1 -1 2 2 1 0 1 1 0/2 21:29 6:26 0:47
Ray Macias 0 1 1 -1 0 0 1 1 0 1 0/0 23:27 6:00 2:27
Robin Leblanc 0 0 0 1 0 5 0 1 0 0 0/1 14:06 0:53 0:00
Samuel Pahlsson 0 2 2 -1 0 8 2 0 0 1 13/30 27:33 6:16 3:10
Scott Parse 1 1 2 -1 0 5 0 0 0 0 1/1 25:05 6:29 3:12
Slava Voynov 0 0 0 0 0 0 0 0 0 0 0/0 8:59 0:00 0:54
Tim Gleason 0 0 0 0 0 0 0 0 0 0 0/0 0:00 0:00 0:00
Tom Pyatt 0 0 0 0 0 1 2 0 0 0 6/14 18:02 6:03 0:57
Players Stats for Carnivores
Player Name G A P +/- PIM S H SB GA TA FO MP PP MP PK MP
------------------------------------------------------------------------------------
Adam Almquist 0 0 0 0 0 0 0 0 0 0 0/0 5:55 0:00 1:44
Andrew Ference 0 0 0 2 0 5 2 4 2 2 0/0 29:41 3:24 7:02
Anton Gustafsson 0 0 0 0 0 1 1 0 0 0 4/6 11:01 0:27 0:00
Anton Lander 0 0 0 -2 0 1 0 0 0 0 2/7 8:42 0:00 0:43
Billy Sweat 0 0 0 0 0 0 0 0 0 0 0/0 8:58 0:00 0:00
Blake Geoffrion 0 0 0 1 0 2 0 0 0 0 1/1 14:28 2:41 0:13
Bobby Sanguinetti 0 0 0 -1 0 0 3 1 0 0 0/0 21:29 2:47 5:02
Chris Butler 0 1 1 0 0 0 0 0 0 0 0/0 11:30 0:00 1:44
Chris Lawrence 0 1 1 1 8 2 1 1 0 0 1/3 15:42 3:16 0:00
Colton Orr 0 0 0 -2 2 6 3 0 0 1 0/0 11:43 0:14 3:53
David Van Der Gulik 0 0 0 0 0 0 1 0 0 0 0/0 14:58 0:00 4:45
Evgeny Grachev 1 0 1 2 0 3 2 0 0 0 6/11 14:18 2:41 0:00
Jeremy Welsh 0 1 1 2 0 1 3 0 0 0 0/0 18:10 3:03 2:05
Jordie Benn 0 0 0 0 0 0 0 0 0 0 0/0 2:20 0:00 0:00
Lane MacDermid 0 0 0 -2 2 0 1 0 0 0 0/0 9:56 0:14 1:22
Matt Cullen 2 0 2 1 0 4 1 3 1 0 18/31 23:35 3:16 7:16
Oliver Ekman-Larsson 0 2 2 2 2 0 3 0 2 0 0/0 28:30 3:24 5:32
Patrick McNeill 0 0 0 0 0 0 1 0 0 0 0/0 7:55 0:00 0:00
Phil Oreskovic 0 0 0 -1 0 1 0 3 0 1 0/0 22:59 2:47 6:32
Tim Conboy 1 1 2 2 0 7 4 1 3 0 1/1 24:16 2:41 7:19
3 Stars
1 - Tim Conboy (Bre)
2 - Matt Cullen (Bre)
3 - Jeff Finger (TRO)
Power Play
Thunder - 2 on 7 Attempt(s) - 28,57%
Carnivores - 1 on 4 Attempt(s) - 25,00%
Penalty Kill
Thunder - 3 on 4 Attempt(s) - 75,00%
- Score 0 goal in Penalty Kill
Carnivores - 5 on 7 Attempt(s) - 71,43%
- Score 0 goal in Penalty Kill
Team Stat
Thunder - Hits : 17 - Faceoff Wins : 27 - Blocked Shots : 8 - Penalty Minutes : 8
Carnivores - Hits : 26 - Faceoff Wins : 33 - Blocked Shots : 13 - Penalty Minutes : 14
Official
Referees : Banfield David and LaRue Dennis
Linesman : Derek Nansen and Darren Gibbs
Game Notes
No Game Note
Finance
Level 1 -- Attendance: 1394 (69,70%) -- Ticket Income 55 760 $
Level 2 -- Attendance: 706 (70,60%) -- Ticket Income 13 414 $
Total Attendance: 2100 (70,00%)
Total Ticket Income: 69 174 $
Other Income: 3 459 $
Total Income: 72 633 $
Thunder
5 vs 5 Forward
Center Left Wing Right Wing Time % Phy DF OF
1 Samuel Pahlsson Scott Parse Pierre-Alexandre Parentea40 1 2 2
2 Tom Pyatt Dany Roussin Matt D'Agostini 30 1 2 2
3 Brandon Mashinter Casey Pierro-Zabotel Robin Leblanc 20 1 2 2
4 Daultan Leveillé Samuel Pahlsson Jannik Hansen 10 1 2 2
5 vs 5 Defense
Defense Defense Time % Phy DF OF
1 Doug Janik Jeff Finger 40 1 2 2
2 Ray Macias Derek Peltier 30 1 2 2
3 Joey Ryan Slava Voynov 20 1 2 2
4 Brett Festerling David Fischer 10 1 2 2
PowerPlay Forward
Center Left Wing Right Wing Time % Phy DF OF
1 Samuel Pahlsson Scott Parse Pierre-Alexandre Parentea60 1 2 2
2 Tom Pyatt Dany Roussin Matt D'Agostini 40 1 2 2
PowerPlay Defense
Defense Defense Time % Phy DF OF
1 Doug Janik Jeff Finger 60 1 2 2
2 Ray Macias Derek Peltier 40 1 2 2
Penalty Kill 4 Players Forward
Center Wing Time % Phy DF OF
1 Samuel Pahlsson Scott Parse 60 1 2 2
2 Dany Roussin Pierre-Alexandre Parentea40 1 2 2
Penalty Kill 4 Players Defense
Defense Defense Time % Phy DF OF
1 Doug Janik Jeff Finger 60 1 2 2
2 Ray Macias Derek Peltier 40 1 2 2
Penalty Kill - 3 Players Forward
Forward Time % Phy DF OF
1 Samuel Pahlsson 60 1 2 2
2 Scott Parse 40 1 2 2
Penalty Kill - 3 Players Defense
Defense Defense Time % Phy DF OF
1 Doug Janik Jeff Finger 60 1 2 2
2 Ray Macias Derek Peltier 40 1 2 2
4 vs 4 Forward
Center Wing Time % Phy DF OF
1 Samuel Pahlsson Scott Parse 60 1 2 2
2 Dany Roussin Pierre-Alexandre Parentea40 1 2 2
4 vs 4 Defense
Defense Defense Time % Phy DF OF
1 Doug Janik Jeff Finger 60 1 2 2
2 Ray Macias Derek Peltier 40 1 2 2
Last Minutes Offensive
Center Left Wing Right Wing Defense Defense
Samuel Pahlsson Scott Parse Pierre-Alexandre ParenteaDoug Janik Jeff Finger
Last Minutes Defensive
Center Left Wing Right Wing Defense Defense
Samuel Pahlsson Scott Parse Pierre-Alexandre ParenteaDoug Janik Jeff Finger
Goaltenders
Starting : Devan Dubnyk
Backup : Mark Dekanich
Extra Forwards
Normal : Robin Leblanc, Jannik Hansen, Brandon Mashinter - PP : Robin Leblanc, Jannik Hansen - PK : Brandon Mashinter
Extra Defensemen
Normal : Joey Ryan, Slava Voynov, Brett Festerling - PP : Joey Ryan - PK : Slava Voynov, Brett Festerling
Penalty Shots
Samuel Pahlsson, Scott Parse, Dany Roussin, Pierre-Alexandre Parenteau, Matt D'Agostini
Carnivores
5 vs 5 Forward
Center Left Wing Right Wing Time % Phy DF OF
1 Matt Cullen Blake Geoffrion Chris Lawrence 35 1 2 2
2 Evgeny Grachev Jeremy Welsh Tim Conboy 33 1 2 2
3 Anton Gustafsson Billy Sweat David Van Der Gulik 22 1 2 2
4 Anton Lander Lane MacDermid Colton Orr 10 1 2 2
5 vs 5 Defense
Defense Defense Time % Phy DF OF
1 Oliver Ekman-Larsson Andrew Ference 40 1 2 2
2 Phil Oreskovic Bobby Sanguinetti 30 1 2 2
3 Patrick McNeill Chris Butler 20 1 2 2
4 Adam Almquist Jordie Benn 10 1 2 2
PowerPlay Forward
Center Left Wing Right Wing Time % Phy DF OF
1 Matt Cullen Jeremy Welsh Chris Lawrence 60 1 2 2
2 Evgeny Grachev Blake Geoffrion Tim Conboy 40 1 2 2
PowerPlay Defense
Defense Defense Time % Phy DF OF
1 Oliver Ekman-Larsson Andrew Ference 60 1 2 2
2 Phil Oreskovic Bobby Sanguinetti 40 1 2 2
Penalty Kill 4 Players Forward
Center Wing Time % Phy DF OF
1 Matt Cullen Tim Conboy 60 1 2 2
2 Colton Orr David Van Der Gulik 40 1 2 2
Penalty Kill 4 Players Defense
Defense Defense Time % Phy DF OF
1 Oliver Ekman-Larsson Andrew Ference 60 1 2 2
2 Phil Oreskovic Bobby Sanguinetti 40 1 2 2
Penalty Kill - 3 Players Forward
Forward Time % Phy DF OF
1 Matt Cullen 60 1 2 2
2 Tim Conboy 40 1 2 2
Penalty Kill - 3 Players Defense
Defense Defense Time % Phy DF OF
1 Oliver Ekman-Larsson Andrew Ference 60 1 2 2
2 Phil Oreskovic Bobby Sanguinetti 40 1 2 2
4 vs 4 Forward
Center Wing Time % Phy DF OF
1 Matt Cullen Tim Conboy 60 1 2 2
2 Anton Gustafsson David Van Der Gulik 40 1 2 2
4 vs 4 Defense
Defense Defense Time % Phy DF OF
1 Oliver Ekman-Larsson Andrew Ference 60 1 2 2
2 Phil Oreskovic Bobby Sanguinetti 40 1 2 2
Last Minutes Offensive
Center Left Wing Right Wing Defense Defense
Matt Cullen Blake Geoffrion Tim Conboy Andrew Ference Oliver Ekman-Larsson
Last Minutes Defensive
Center Left Wing Right Wing Defense Defense
Matt Cullen Blake Geoffrion Tim Conboy Andrew Ference Oliver Ekman-Larsson
Goaltenders
Starting : Steve Mason
Backup : Antti Raanta
Extra Forwards
Normal : Chris Lawrence, Anton Gustafsson, Jeremy Welsh - PP : Chris Lawrence, Anton Gustafsson - PK : Jeremy Welsh
Extra Defensemen
Normal : Bobby Sanguinetti, Oliver Ekman-Larsson, Andrew Ference - PP : Bobby Sanguinetti - PK : Phil Oreskovic, Oliver Ekman-Larsson
Penalty Shots
Matt Cullen, Blake Geoffrion, Jeremy Welsh, David Van Der Gulik, Evgeny Grachev
% Time on Ice - Thunder
Lines # - Real PCT - Wanted PCT - Time Play
Normal Forward
1 - 34% - 40% - 13:41
2 - 28% - 30% - 11:24
3 - 26% - 20% - 10:25
4 - 11% - 10% - 4:31
Normal Defense
1 - 39% - 40% - 15:41
2 - 32% - 30% - 12:48
3 - 20% - 20% - 8:05
4 - 9% - 10% - 3:27
PP Forward
1 - 56% - 60% - 7:45
2 - 44% - 40% - 6:03
PP Defense
1 - 57% - 60% - 7:48
2 - 43% - 40% - 6:00
PK Forward
1 - 84% - 60% - 5:13
2 - 16% - 40% - 0:58
PK Defense
1 - 60% - 60% - 3:44
2 - 40% - 40% - 2:27
PK3 Forward
1 - 0% - 60%
2 - 0% - 40%
PK3 Defense
1 - 0% - 60%
2 - 0% - 40%
44 Forward
1 - 75% - 60% - 3:44
2 - 25% - 40% - 1:16
44 Defense
1 - 56% - 60% - 2:48
2 - 44% - 40% - 2:12
Last Minute Offensive - 0:00
Last Minute Defensive - 0:00
Total
Forward - 65:00
Defense - 65:00
|
% Time on Ice - Carnivores
Lines # - Real PCT - Wanted PCT - Time Play
Normal Forward
1 - 29% - 35% - 11:43
2 - 30% - 33% - 12:03
3 - 22% - 22% - 8:58
4 - 18% - 10% - 7:17
Normal Defense
1 - 45% - 40% - 18:06
2 - 29% - 30% - 11:40
3 - 20% - 20% - 7:55
4 - 6% - 10% - 2:20
PP Forward
1 - 57% - 60% - 3:30
2 - 43% - 40% - 2:41
PP Defense
1 - 55% - 60% - 3:24
2 - 45% - 40% - 2:47
PK Forward
1 - 65% - 60% - 9:00
2 - 35% - 40% - 4:48
PK Defense
1 - 59% - 60% - 8:06
2 - 41% - 40% - 5:42
PK3 Forward
1 - 0% - 60%
2 - 0% - 40%
PK3 Defense
1 - 0% - 60%
2 - 0% - 40%
44 Forward
1 - 76% - 60% - 3:48
2 - 24% - 40% - 1:12
44 Defense
1 - 60% - 60% - 3:00
2 - 40% - 40% - 2:00
Last Minute Offensive - 0:00
Last Minute Defensive - 0:00
Total
Forward - 65:00
Defense - 65:00
|
Play by Play
1st period
0:01 of 1st period - Samuel Pahlsson wins face-off versus Chris Lawrence in neutral zone.
0:08 of 1st period - Wrist shot by Pierre-Alexandre Parenteau.
0:08 of 1st period - Shot Misses the Net.
0:40 of 1st period - Icing by Robin Leblanc.
0:41 of 1st period - Anton Gustafsson wins face-off versus Brandon Mashinter in Thunder zone.
0:44 of 1st period - Slapshot by Anton Gustafsson.
0:44 of 1st period - Stopped by Devan Dubnyk with a rebound.
0:58 of 1st period - Snap shot by Doug Janik.
0:58 of 1st period - Stopped by Steve Mason with a rebound.
1:00 of 1st period - Slapshot by Jeff Finger.
1:00 of 1st period - Stopped by Steve Mason without a rebound.
1:01 of 1st period - Tom Pyatt wins face-off versus Anton Lander in Carnivores zone.
1:55 of 1st period - Wrist shot by Matt Cullen.
1:55 of 1st period - Shot Misses the Net.
1:57 of 1st period - Slapshot by Phil Oreskovic.
1:57 of 1st period - Shot Blocked by Ray Macias.
2:13 of 1st period - Wrist shot by Jannik Hansen.
2:13 of 1st period - Deflect By David Van Der Gulik.
2:13 of 1st period - Stopped by Steve Mason without a rebound.
2:14 of 1st period - Daultan Leveillé wins face-off versus Evgeny Grachev in Carnivores zone.
2:22 of 1st period - Slapshot by Daultan Leveillé.
2:22 of 1st period - Shot Blocked by Andrew Ference.
2:26 of 1st period - Snap shot by Samuel Pahlsson.
2:26 of 1st period - Stopped by Steve Mason with a rebound.
3:06 of 1st period - Off-side.
3:07 of 1st period - Evgeny Grachev wins face-off versus Brandon Mashinter in neutral zone.
3:16 of 1st period - Snap shot by Brandon Mashinter.
3:16 of 1st period - Shot Misses the Net.
3:20 of 1st period - Snap shot by Brandon Mashinter.
3:20 of 1st period - Stopped by Steve Mason with a rebound.
3:32 of 1st period - Brett Festerling is hit by Oliver Ekman-Larsson and loses puck.
3:57 of 1st period - Jeff Finger is hit by David Van Der Gulik and loses puck.
4:17 of 1st period - Slapshot by Bobby Sanguinetti.
4:17 of 1st period - Shot Misses the Net.
4:31 of 1st period - Slapshot by Daultan Leveillé.
4:31 of 1st period - Stopped by Steve Mason with a rebound.
4:55 of 1st period - Snap shot by Blake Geoffrion.
4:55 of 1st period - Shot Misses the Net.
5:27 of 1st period - Backhand shot by Matt Cullen.
5:27 of 1st period - Stopped by Devan Dubnyk with a rebound.
5:29 of 1st period - Wrist shot by Chris Lawrence.
5:29 of 1st period - Stopped by Devan Dubnyk with a rebound.
5:31 of 1st period - Slapshot by Oliver Ekman-Larsson.
5:31 of 1st period - Shot Misses the Net.
5:33 of 1st period - Slapshot by Andrew Ference.
5:33 of 1st period - Deflect By Dany Roussin.
5:33 of 1st period - Stopped by Devan Dubnyk without a rebound.
5:34 of 1st period - Samuel Pahlsson wins face-off versus Evgeny Grachev in Thunder zone.
5:47 of 1st period - Slapshot by Scott Parse.
5:47 of 1st period - Stopped by Steve Mason with a rebound.
6:40 of 1st period - Wrist shot by Brandon Mashinter.
6:40 of 1st period - Stopped by Steve Mason without a rebound.
6:41 of 1st period - Evgeny Grachev wins face-off versus Brandon Mashinter in Carnivores zone.
6:48 of 1st period - Wrist shot by Tim Conboy.
6:48 of 1st period - Shot Misses the Net.
6:52 of 1st period - Slapshot by Tim Conboy.
6:52 of 1st period - Stopped by Devan Dubnyk without a rebound.
6:53 of 1st period - Samuel Pahlsson wins face-off versus Matt Cullen in Thunder zone.
7:09 of 1st period - Double Minor Penalty to Chris Lawrence for Roughing.
7:10 of 1st period - Matt Cullen wins face-off versus Samuel Pahlsson in Carnivores zone.
9:06 of 1st period - Oliver Ekman-Larsson is hit by Brett Festerling and loses puck.
10:27 of 1st period - Off-side.
10:28 of 1st period - Daultan Leveillé wins face-off versus Anton Lander in neutral zone.
11:03 of 1st period - Slapshot by Derek Peltier.
11:03 of 1st period - Goal by Derek Peltier - Thunder : 1 - Carnivores : 0.
11:04 of 1st period - Matt Cullen wins face-off versus Samuel Pahlsson in neutral zone.
11:07 of 1st period - Snap shot by Blake Geoffrion.
11:07 of 1st period - Stopped by Devan Dubnyk without a rebound.
11:08 of 1st period - Matt Cullen wins face-off versus Samuel Pahlsson in Thunder zone.
11:37 of 1st period - Snap shot by Matt D'Agostini.
11:37 of 1st period - Stopped by Steve Mason with a rebound.
11:39 of 1st period - Slapshot by Jeff Finger.
11:39 of 1st period - Stopped by Steve Mason with a rebound.
11:41 of 1st period - Wrist shot by Matt D'Agostini.
11:41 of 1st period - Shot Blocked by Tim Conboy.
11:43 of 1st period - Snap shot by Tom Pyatt.
11:43 of 1st period - Stopped by Steve Mason with a rebound.
12:37 of 1st period - Snap shot by Tom Pyatt.
12:37 of 1st period - Shot Blocked by Andrew Ference.
12:39 of 1st period - Slapshot by Matt D'Agostini.
12:39 of 1st period - Stopped by Steve Mason with a rebound.
12:51 of 1st period - Tim Conboy is hit by Casey Pierro-Zabotel.
13:09 of 1st period - Snap shot by Samuel Pahlsson.
13:09 of 1st period - Stopped by Steve Mason without a rebound.
13:10 of 1st period - Samuel Pahlsson wins face-off versus Matt Cullen in Carnivores zone.
13:35 of 1st period - Jeremy Welsh is hit by Jeff Finger and loses puck.
14:00 of 1st period - David Van Der Gulik is hit by Dany Roussin.
14:16 of 1st period - Oliver Ekman-Larsson is hit by Pierre-Alexandre Parenteau and loses puck.
14:23 of 1st period - Slapshot by Andrew Ference.
14:23 of 1st period - Deflect By Scott Parse.
14:23 of 1st period - Stopped by Devan Dubnyk with a rebound.
14:39 of 1st period - Slapshot by Robin Leblanc.
14:39 of 1st period - Shot Misses the Net.
15:09 of 1st period - Backhand shot by Scott Parse.
15:09 of 1st period - Stopped by Steve Mason with a rebound.
16:07 of 1st period - Slapshot by Andrew Ference.
16:07 of 1st period - Stopped by Devan Dubnyk without a rebound.
16:08 of 1st period - Anton Lander wins face-off versus Brandon Mashinter in Thunder zone.
16:11 of 1st period - Snap shot by Colton Orr.
16:11 of 1st period - Stopped by Devan Dubnyk with a rebound.
16:17 of 1st period - Snap shot by Jeff Finger.
16:17 of 1st period - Goal by Jeff Finger - Thunder : 2 - Carnivores : 0.
16:18 of 1st period - Chris Lawrence wins face-off versus Samuel Pahlsson in neutral zone.
16:29 of 1st period - Wrist shot by Scott Parse.
16:29 of 1st period - Deflect By Samuel Pahlsson.
16:29 of 1st period - Shot Misses the Net.
16:29 of 1st period - Puck is out of play.
16:30 of 1st period - Blake Geoffrion wins face-off versus Pierre-Alexandre Parenteau in Carnivores zone.
16:37 of 1st period - Snap shot by Matt Cullen.
16:37 of 1st period - Stopped by Devan Dubnyk without a rebound.
16:38 of 1st period - Matt Cullen wins face-off versus Samuel Pahlsson in Thunder zone.
16:43 of 1st period - Snap shot by Blake Geoffrion.
16:43 of 1st period - Stopped by Devan Dubnyk without a rebound.
16:44 of 1st period - Samuel Pahlsson wins face-off versus Evgeny Grachev in Thunder zone.
17:08 of 1st period - Samuel Pahlsson is hit by Evgeny Grachev.
17:20 of 1st period - Samuel Pahlsson is hit by Andrew Ference and loses puck.
17:41 of 1st period - Wrist shot by Samuel Pahlsson.
17:41 of 1st period - Deflect By Andrew Ference.
17:41 of 1st period - Stopped by Steve Mason with a rebound.
17:51 of 1st period - Snap shot by Tim Conboy.
17:51 of 1st period - Goal by Tim Conboy - Thunder : 2 - Carnivores : 1.
17:52 of 1st period - Matt D'Agostini wins face-off versus Chris Lawrence in neutral zone.
18:14 of 1st period - Minor Penalty to Chris Lawrence for Interference.
18:15 of 1st period - Matt Cullen wins face-off versus Tom Pyatt in Carnivores zone.
18:21 of 1st period - Icing by Jeff Finger.
18:22 of 1st period - Tom Pyatt wins face-off versus Matt Cullen in Thunder zone.
18:27 of 1st period - Matt Cullen is hit by Tom Pyatt and loses puck.
18:48 of 1st period - Jeff Finger is hit by Colton Orr and loses puck.
19:52 of 1st period - Wrist shot by Colton Orr.
19:52 of 1st period - Stopped by Devan Dubnyk with a rebound.
Goals for this period are 2 for Thunder vs 1 for Carnivores.
Shots for this period are 17 for Thunder vs 13 for Carnivores.
2nd period
0:01 of 2nd period - Samuel Pahlsson wins face-off versus Matt Cullen in neutral zone.
0:10 of 2nd period - Wrist shot by Scott Parse.
0:10 of 2nd period - Shot Misses the Net.
0:12 of 2nd period - Snap shot by Scott Parse.
0:12 of 2nd period - Goal by Scott Parse - Thunder : 3 - Carnivores : 1.
0:13 of 2nd period - Samuel Pahlsson wins face-off versus Matt Cullen in neutral zone.
0:16 of 2nd period - Blake Geoffrion is hit by Doug Janik and loses puck.
0:26 of 2nd period - Minor Penalty to Pierre-Alexandre Parenteau for Roughing.
0:27 of 2nd period - Samuel Pahlsson wins face-off versus Matt Cullen in Thunder zone.
1:00 of 2nd period - Jeff Finger is hit by Bobby Sanguinetti and loses puck.
2:26 of 2nd period - Penalty to Pierre-Alexandre Parenteau is over, Pierre-Alexandre Parenteau is back on ice.
2:47 of 2nd period - Tom Pyatt is hit by Colton Orr and loses puck.
3:00 of 2nd period - Snap shot by Brandon Mashinter.
3:00 of 2nd period - Stopped by Steve Mason without a rebound.
3:01 of 2nd period - Brandon Mashinter wins face-off versus Matt Cullen in Carnivores zone.
3:02 of 2nd period - Wrist shot by Robin Leblanc.
3:02 of 2nd period - Stopped by Steve Mason with a rebound.
3:24 of 2nd period - Samuel Pahlsson is hit by Tim Conboy and loses puck.
3:47 of 2nd period - Snap shot by Dany Roussin.
3:47 of 2nd period - Shot Blocked by Bobby Sanguinetti.
3:49 of 2nd period - Minor Penalty to Colton Orr for Tripping.
3:50 of 2nd period - Matt Cullen wins face-off versus Samuel Pahlsson in Carnivores zone.
4:03 of 2nd period - Snap shot by Doug Janik.
4:03 of 2nd period - Shot Blocked by Matt Cullen.
4:05 of 2nd period - Slapshot by Doug Janik.
4:05 of 2nd period - Shot Hit the Post.
4:15 of 2nd period - Jeff Finger is hit by Oliver Ekman-Larsson.
5:49 of 2nd period - Penalty to Colton Orr is over, Colton Orr is back on ice.
7:18 of 2nd period - Minor Penalty to Oliver Ekman-Larsson for Tripping.
7:19 of 2nd period - Tim Conboy wins face-off versus Tom Pyatt in Carnivores zone.
7:28 of 2nd period - Snap shot by Dany Roussin.
7:28 of 2nd period - Shot Blocked by Phil Oreskovic.
7:30 of 2nd period - Backhand shot by Dany Roussin.
7:30 of 2nd period - Shot Misses the Net.
7:32 of 2nd period - Snap shot by Tom Pyatt.
7:32 of 2nd period - Deflect By Dany Roussin.
7:32 of 2nd period - Shot Blocked by Phil Oreskovic.
7:32 of 2nd period - Puck is out of play.
7:33 of 2nd period - Matt Cullen wins face-off versus Samuel Pahlsson in Carnivores zone.
7:42 of 2nd period - Slapshot by Doug Janik.
7:42 of 2nd period - Stopped by Steve Mason with a rebound.
7:44 of 2nd period - Slapshot by Jeff Finger.
7:44 of 2nd period - Shot Blocked by Phil Oreskovic.
7:46 of 2nd period - Wrist shot by Pierre-Alexandre Parenteau.
7:46 of 2nd period - Shot Blocked by Andrew Ference.
7:48 of 2nd period - Snap shot by Jeff Finger.
7:48 of 2nd period - Deflect By Pierre-Alexandre Parenteau.
7:48 of 2nd period - Shot Blocked by Matt Cullen.
7:48 of 2nd period - Puck is out of play.
7:49 of 2nd period - Matt Cullen wins face-off versus Samuel Pahlsson in Carnivores zone.
8:25 of 2nd period - Snap shot by David Van Der Gulik.
8:25 of 2nd period - Shot Misses the Net.
9:18 of 2nd period - Penalty to Oliver Ekman-Larsson is over, Oliver Ekman-Larsson is back on ice.
10:09 of 2nd period - Icing by Pierre-Alexandre Parenteau.
10:10 of 2nd period - Jannik Hansen wins face-off versus Anton Lander in Thunder zone.
10:17 of 2nd period - Snap shot by Scott Parse.
10:17 of 2nd period - Deflect By Pierre-Alexandre Parenteau.
10:17 of 2nd period - Shot Misses the Net.
10:17 of 2nd period - Puck is out of play.
10:18 of 2nd period - Matt Cullen wins face-off versus Tom Pyatt in Carnivores zone.
10:48 of 2nd period - Snap shot by Billy Sweat.
10:48 of 2nd period - Shot Misses the Net.
10:50 of 2nd period - Slapshot by Phil Oreskovic.
10:50 of 2nd period - Stopped by Devan Dubnyk with a rebound.
11:07 of 2nd period - Doug Janik is hit by Tim Conboy and loses puck.
11:24 of 2nd period - Slapshot by Jeff Finger.
11:24 of 2nd period - Stopped by Steve Mason without a rebound.
11:25 of 2nd period - Tom Pyatt wins face-off versus Anton Lander in Carnivores zone.
11:34 of 2nd period - Snap shot by Colton Orr.
11:34 of 2nd period - Shot Hit the Post.
11:36 of 2nd period - Snap shot by Lane MacDermid.
11:36 of 2nd period - Shot Misses the Net.
11:38 of 2nd period - Wrist shot by Lane MacDermid.
11:38 of 2nd period - Deflect By Colton Orr.
11:38 of 2nd period - Shot Misses the Net.
11:38 of 2nd period - Puck is out of play.
11:39 of 2nd period - Matt Cullen wins face-off versus Samuel Pahlsson in Thunder zone.
11:44 of 2nd period - Snap shot by Blake Geoffrion.
11:44 of 2nd period - Shot Misses the Net.
12:00 of 2nd period - Minor Penalty to Chris Lawrence for Hooking.
12:01 of 2nd period - Matt Cullen wins face-off versus Pierre-Alexandre Parenteau in Carnivores zone.
14:00 of 2nd period - Penalty to Chris Lawrence is over, Chris Lawrence is back on ice.
14:13 of 2nd period - Robin Leblanc is hit by Patrick McNeill and loses puck.
14:26 of 2nd period - Wrist shot by Matt Cullen.
14:26 of 2nd period - Goal by Matt Cullen - Thunder : 3 - Carnivores : 2.
14:27 of 2nd period - Evgeny Grachev wins face-off versus Tom Pyatt in neutral zone.
14:34 of 2nd period - Slapshot by Evgeny Grachev.
14:34 of 2nd period - Shot Blocked by Jeff Finger.
14:36 of 2nd period - Snap shot by Jeremy Welsh.
14:36 of 2nd period - Shot Misses the Net.
14:38 of 2nd period - Slapshot by Andrew Ference.
14:38 of 2nd period - Deflect By Tim Conboy.
14:38 of 2nd period - Stopped by Devan Dubnyk with a rebound.
14:40 of 2nd period - Slapshot by Andrew Ference.
14:40 of 2nd period - Stopped by Devan Dubnyk with a rebound.
14:42 of 2nd period - Slapshot by Andrew Ference.
14:42 of 2nd period - Shot Misses the Net.
14:48 of 2nd period - Minor Penalty to Matt D'Agostini for Slashing.
14:49 of 2nd period - Samuel Pahlsson wins face-off versus Matt Cullen in Thunder zone.
15:00 of 2nd period - Wrist shot by Chris Lawrence.
15:00 of 2nd period - Stopped by Devan Dubnyk with a rebound.
15:02 of 2nd period - Snap shot by Matt Cullen.
15:02 of 2nd period - Goal by Matt Cullen - Thunder : 3 - Carnivores : 3.
15:03 of 2nd period - Evgeny Grachev wins face-off versus Samuel Pahlsson in neutral zone.
15:51 of 2nd period - Slapshot by Colton Orr.
15:51 of 2nd period - Shot Misses the Net.
15:53 of 2nd period - Snap shot by Lane MacDermid.
15:53 of 2nd period - Shot Blocked by Jeff Finger.
15:55 of 2nd period - Snap shot by Anton Lander.
15:55 of 2nd period - Shot Misses the Net.
15:57 of 2nd period - Snap shot by Colton Orr.
15:57 of 2nd period - Stopped by Devan Dubnyk with a rebound.
15:59 of 2nd period - Wrist shot by Anton Lander.
15:59 of 2nd period - Stopped by Devan Dubnyk with a rebound.
16:01 of 2nd period - Snap shot by Colton Orr.
16:01 of 2nd period - Stopped by Devan Dubnyk with a rebound.
16:15 of 2nd period - Billy Sweat is hit by Jeff Finger and loses puck.
16:30 of 2nd period - Wrist shot by Evgeny Grachev.
16:30 of 2nd period - Shot Misses the Net.
16:32 of 2nd period - Wrist shot by Evgeny Grachev.
16:32 of 2nd period - Shot Blocked by Derek Peltier.
16:54 of 2nd period - Slapshot by Derek Peltier.
16:54 of 2nd period - Deflect By Andrew Ference.
16:54 of 2nd period - Stopped by Steve Mason with a rebound.
16:58 of 2nd period - Wrist shot by Samuel Pahlsson.
16:58 of 2nd period - Stopped by Steve Mason with a rebound.
17:18 of 2nd period - Wrist shot by Brandon Mashinter.
17:18 of 2nd period - Stopped by Steve Mason without a rebound.
17:19 of 2nd period - Evgeny Grachev wins face-off versus Samuel Pahlsson in Carnivores zone.
17:24 of 2nd period - Snap shot by Tim Conboy.
17:24 of 2nd period - Stopped by Devan Dubnyk with a rebound.
17:26 of 2nd period - Wrist shot by Bobby Sanguinetti.
17:26 of 2nd period - Shot Misses the Net.
17:28 of 2nd period - Snap shot by Evgeny Grachev.
17:28 of 2nd period - Stopped by Devan Dubnyk with a rebound.
17:30 of 2nd period - Slapshot by Phil Oreskovic.
17:30 of 2nd period - Deflect By Tim Conboy.
17:30 of 2nd period - Stopped by Devan Dubnyk with a rebound.
17:32 of 2nd period - Wrist shot by Tim Conboy.
17:32 of 2nd period - Stopped by Devan Dubnyk without a rebound.
17:33 of 2nd period - Tom Pyatt wins face-off versus Matt Cullen in Thunder zone.
17:37 of 2nd period - Off-side.
17:38 of 2nd period - Matt Cullen wins face-off versus Tom Pyatt in neutral zone.
18:28 of 2nd period - Wrist shot by Oliver Ekman-Larsson.
18:28 of 2nd period - Deflect By David Van Der Gulik.
18:28 of 2nd period - Shot Misses the Net.
18:28 of 2nd period - Puck is out of play.
18:29 of 2nd period - Anton Gustafsson wins face-off versus Brandon Mashinter in Thunder zone.
18:36 of 2nd period - Snap shot by Anton Gustafsson.
18:36 of 2nd period - Shot Misses the Net.
18:54 of 2nd period - Snap shot by Dany Roussin.
18:54 of 2nd period - Stopped by Steve Mason without a rebound.
18:55 of 2nd period - Matt Cullen wins face-off versus Tom Pyatt in Carnivores zone.
18:55 of 2nd period - Matt Cullen is hit by Dany Roussin.
19:21 of 2nd period - Samuel Pahlsson is hit by Evgeny Grachev and loses puck.
19:28 of 2nd period - Wrist shot by Evgeny Grachev.
19:28 of 2nd period - Goal by Evgeny Grachev - Thunder : 3 - Carnivores : 4.
19:29 of 2nd period - Matt Cullen wins face-off versus Samuel Pahlsson in neutral zone.
19:56 of 2nd period - Jeff Finger is hit by Oliver Ekman-Larsson and loses puck.
Goals for this period are 1 for Thunder vs 3 for Carnivores.
Shots for this period are 9 for Thunder vs 14 for Carnivores.
3rd period
0:01 of 3rd period - Scott Parse wins face-off versus Matt Cullen in neutral zone.
0:08 of 3rd period - Wrist shot by Samuel Pahlsson.
0:08 of 3rd period - Shot Misses the Net.
0:10 of 3rd period - Wrist shot by Doug Janik.
0:10 of 3rd period - Stopped by Steve Mason with a rebound.
0:12 of 3rd period - Wrist shot by Scott Parse.
0:12 of 3rd period - Shot Blocked by Matt Cullen.
0:14 of 3rd period - Snap shot by Pierre-Alexandre Parenteau.
0:14 of 3rd period - Stopped by Steve Mason with a rebound.
0:16 of 3rd period - Slapshot by Samuel Pahlsson.
0:16 of 3rd period - Stopped by Steve Mason without a rebound.
0:17 of 3rd period - Tom Pyatt wins face-off versus Evgeny Grachev in Carnivores zone.
0:18 of 3rd period - Slapshot by Doug Janik.
0:18 of 3rd period - Stopped by Steve Mason with a rebound.
0:49 of 3rd period - Snap shot by Scott Parse.
0:49 of 3rd period - Stopped by Steve Mason with a rebound.
0:55 of 3rd period - Wrist shot by Samuel Pahlsson.
0:55 of 3rd period - Stopped by Steve Mason with a rebound.
0:57 of 3rd period - Snap shot by Scott Parse.
0:57 of 3rd period - Shot Misses the Net.
1:13 of 3rd period - Snap shot by Robin Leblanc.
1:13 of 3rd period - Shot Misses the Net.
2:09 of 3rd period - Andrew Ference is hit by Samuel Pahlsson and loses puck.
3:44 of 3rd period - Minor Penalty to Lane MacDermid for Hooking.
3:45 of 3rd period - Matt Cullen wins face-off versus Samuel Pahlsson in Carnivores zone.
3:45 of 3rd period - Matt Cullen is hit by Jeff Finger.
4:09 of 3rd period - Doug Janik is hit by Colton Orr.
5:44 of 3rd period - Penalty to Lane MacDermid is over, Lane MacDermid is back on ice.
6:33 of 3rd period - Wrist shot by Jeremy Welsh.
6:33 of 3rd period - Stopped by Devan Dubnyk without a rebound.
6:34 of 3rd period - Evgeny Grachev wins face-off versus Tom Pyatt in Thunder zone.
6:42 of 3rd period - Minor Penalty to Doug Janik for Hooking.
6:43 of 3rd period - Samuel Pahlsson wins face-off versus Matt Cullen in Thunder zone.
7:15 of 3rd period - Slava Voynov is hit by Bobby Sanguinetti and loses puck.
7:53 of 3rd period - Brandon Mashinter is hit by Chris Lawrence and loses puck.
8:36 of 3rd period - Chris Lawrence is hit by Jeff Finger and loses puck.
8:42 of 3rd period - Penalty to Doug Janik is over, Doug Janik is back on ice.
9:15 of 3rd period - Snap shot by Andrew Ference.
9:15 of 3rd period - Stopped by Devan Dubnyk without a rebound.
9:16 of 3rd period - Anton Gustafsson wins face-off versus Tom Pyatt in Thunder zone.
9:17 of 3rd period - Wrist shot by David Van Der Gulik.
9:17 of 3rd period - Shot Blocked by Matt D'Agostini.
11:32 of 3rd period - Tom Pyatt is hit by Lane MacDermid and loses puck.
11:39 of 3rd period - Wrist shot by Colton Orr.
11:39 of 3rd period - Stopped by Devan Dubnyk with a rebound.
11:49 of 3rd period - Pierre-Alexandre Parenteau is hit by Tim Conboy and loses puck.
12:03 of 3rd period - Snap shot by Evgeny Grachev.
12:03 of 3rd period - Deflect By Anton Gustafsson.
12:03 of 3rd period - Shot Misses the Net.
12:03 of 3rd period - Puck is out of play.
12:04 of 3rd period - Tom Pyatt wins face-off versus Anton Gustafsson in Thunder zone.
12:23 of 3rd period - Wrist shot by Tim Conboy.
12:23 of 3rd period - Stopped by Devan Dubnyk with a rebound.
12:25 of 3rd period - Slapshot by Oliver Ekman-Larsson.
12:25 of 3rd period - Deflect By Evgeny Grachev.
12:25 of 3rd period - Stopped by Devan Dubnyk without a rebound.
12:26 of 3rd period - Brandon Mashinter wins face-off versus Evgeny Grachev in Thunder zone.
12:39 of 3rd period - Backhand shot by Evgeny Grachev.
12:39 of 3rd period - Shot Misses the Net.
12:44 of 3rd period - Minor Penalty to Brandon Mashinter for Tripping.
12:45 of 3rd period - Samuel Pahlsson wins face-off versus Matt Cullen in Thunder zone.
12:45 of 3rd period - Samuel Pahlsson is hit by Jeremy Welsh.
12:50 of 3rd period - Samuel Pahlsson is hit by Jeremy Welsh.
13:37 of 3rd period - Matt Cullen is hit by Ray Macias and loses puck.
14:44 of 3rd period - Penalty to Brandon Mashinter is over, Brandon Mashinter is back on ice.
15:21 of 3rd period - Snap shot by Colton Orr.
15:21 of 3rd period - Shot Misses the Net.
15:23 of 3rd period - Slapshot by Oliver Ekman-Larsson.
15:23 of 3rd period - Shot Blocked by Joey Ryan.
15:25 of 3rd period - Slapshot by Oliver Ekman-Larsson.
15:25 of 3rd period - Shot Blocked by Joey Ryan.
15:27 of 3rd period - Snap shot by Oliver Ekman-Larsson.
15:27 of 3rd period - Shot Blocked by Robin Leblanc.
15:37 of 3rd period - Snap shot by Robin Leblanc.
15:37 of 3rd period - Stopped by Steve Mason with a rebound.
16:10 of 3rd period - Icing by Pierre-Alexandre Parenteau.
16:11 of 3rd period - Samuel Pahlsson wins face-off versus Anton Lander in Thunder zone.
16:34 of 3rd period - Billy Sweat is hit by Tom Pyatt and loses puck.
16:49 of 3rd period - Snap shot by Colton Orr.
16:49 of 3rd period - Stopped by Devan Dubnyk without a rebound.
16:50 of 3rd period - Anton Lander wins face-off versus Samuel Pahlsson in Thunder zone.
17:13 of 3rd period - Scott Parse is hit by Bobby Sanguinetti and loses puck.
17:24 of 3rd period - Snap shot by Derek Peltier.
17:24 of 3rd period - Stopped by Steve Mason with a rebound.
17:26 of 3rd period - Snap shot by Scott Parse.
17:26 of 3rd period - Stopped by Steve Mason with a rebound.
17:28 of 3rd period - Slapshot by Samuel Pahlsson.
17:28 of 3rd period - Stopped by Steve Mason with a rebound.
17:30 of 3rd period - Snap shot by Pierre-Alexandre Parenteau.
17:30 of 3rd period - Goal by Pierre-Alexandre Parenteau - Thunder : 4 - Carnivores : 4.
17:31 of 3rd period - Brandon Mashinter wins face-off versus Anton Gustafsson in neutral zone.
17:42 of 3rd period - Snap shot by Robin Leblanc.
17:42 of 3rd period - Stopped by Steve Mason with a rebound.
17:44 of 3rd period - Backhand shot by Brandon Mashinter.
17:44 of 3rd period - Shot Blocked by Andrew Ference.
17:58 of 3rd period - Matt D'Agostini is hit by Matt Cullen and loses puck.
18:29 of 3rd period - Slapshot by Samuel Pahlsson.
18:29 of 3rd period - Stopped by Steve Mason with a rebound.
18:46 of 3rd period - Off-side.
18:47 of 3rd period - Anton Gustafsson wins face-off versus Robin Leblanc in neutral zone.
18:47 of 3rd period - Anton Gustafsson is hit by Brandon Mashinter.
19:46 of 3rd period - Pierre-Alexandre Parenteau is hit by Tim Conboy and loses puck.
Goals for this period are 1 for Thunder vs 0 for Carnivores.
Shots for this period are 13 for Thunder vs 6 for Carnivores.
Overtime #1
0:01 of 1st overtime period - Matt Cullen wins face-off versus Samuel Pahlsson in neutral zone.
0:44 of 1st overtime period - Wrist shot by Robin Leblanc.
0:44 of 1st overtime period - Shot Blocked by Chris Lawrence.
0:46 of 1st overtime period - Snap shot by Jannik Hansen.
0:46 of 1st overtime period - Shot Misses the Net.
0:48 of 1st overtime period - Slapshot by Robin Leblanc.
0:48 of 1st overtime period - Stopped by Steve Mason without a rebound.
0:49 of 1st overtime period - Matt Cullen wins face-off versus Samuel Pahlsson in Carnivores zone.
1:14 of 1st overtime period - Jeff Finger is hit by Anton Gustafsson and loses puck.
1:22 of 1st overtime period - Off-side.
1:23 of 1st overtime period - Samuel Pahlsson wins face-off versus Matt Cullen in neutral zone.
2:23 of 1st overtime period - Slapshot by Jeff Finger.
2:23 of 1st overtime period - Shot Misses the Net.
2:25 of 1st overtime period - Snap shot by Robin Leblanc.
2:25 of 1st overtime period - Stopped by Steve Mason without a rebound.
2:26 of 1st overtime period - Matt Cullen wins face-off versus Samuel Pahlsson in Carnivores zone.
3:52 of 1st overtime period - Jeff Finger is hit by Jeremy Welsh.
4:12 of 1st overtime period - Tim Conboy is hit by Dany Roussin and loses puck.
4:30 of 1st overtime period - Jeff Finger is hit by Andrew Ference and loses puck.
4:41 of 1st overtime period - Chris Lawrence is hit by Samuel Pahlsson and loses puck.
Goals for this period are 0 for Thunder vs 0 for Carnivores.
Shots for this period are 2 for Thunder vs 0 for Carnivores.
ShootOut
5:00 of 1st overtime period - Penalty Shot by Samuel Pahlsson for Thunder.
5:00 of 1st overtime period - Wrist shot by Samuel Pahlsson.
5:00 of 1st overtime period - Shot Misses the Net.
5:00 of 1st overtime period - Penalty Shot by Matt Cullen for Carnivores.
5:00 of 1st overtime period - Wrist shot by Matt Cullen.
5:00 of 1st overtime period - Shot Hit the Post.
5:00 of 1st overtime period - Penalty Shot by Scott Parse for Thunder.
5:00 of 1st overtime period - Deke by Scott Parse.
5:00 of 1st overtime period - Shot Misses the Net.
5:00 of 1st overtime period - Penalty Shot by Blake Geoffrion for Carnivores.
5:00 of 1st overtime period - Backhand shot by Blake Geoffrion.
5:00 of 1st overtime period - Goal by Blake Geoffrion.
5:00 of 1st overtime period - Penalty Shot by Dany Roussin for Thunder.
5:00 of 1st overtime period - Deke by Dany Roussin.
5:00 of 1st overtime period - Stopped by Steve Mason.
Output by the SimonT Hockey Simulator (STHS) for François Prévost -- Original Page W3C XHTML 1.0 Valid